 Dungeon Crawl Stone Soup version bcrawl-1.15-1-g696c4cd9b6 (webtiles) character file.

Game seed: 9532714815512964808

39 Kairok the Sneak (level 3, -1/21 HPs)
             Began as a Vine Stalker Rogue on Sept 23, 2019.
             Slain by Terence
             ... wielding a +6 trident of venom
              (11 damage)
             ... on level 2 of the Dungeon.
             The game lasted 00:01:15 (986 turns).

Kairok the Sneak (Vine Stalker Rogue)                Turns: 986, Time: 00:01:15

Health: -1/21      AC:  6    Str: 13    XL:     3   Next: 45%
Magic:  5/5        EV: 10    Int: 11    God:
Gold:   47         SH:  0    Dex: 16    Spells: 2/2 levels left

rFire    . . .     SeeInvis .   a - +2 dagger
rCold    . . .     Gourm    +   (no shield)
rNeg     . . .     Faith    .   m - +0 ring mail
rPois    .         Spirit   .   (no helmet)
rElec    .         Reflect  .   d - +0 cloak
rCorr    .         Harm     .   (no gloves)
MR       .....                  (no boots)
Stlth    +++.......             i - amulet of the gourmand
HPRegen  0.47/turn              (no ring)
MPRegen  0.09/turn              (no ring)

@: lethally poisoned (-1 -> -1)
A: fangs 2, regeneration 1, no potion heal 3, rot immunity, strong jaws
a: no special abilities


You were on level 2 of the Dungeon.
You were not hungry.

You visited 1 branch of the dungeon, and saw 2 of its levels.

You collected 47 gold pieces.

Inventory:

Hand Weapons
 a - a +2 dagger (weapon)
 b - a +0 blowgun
Missiles
 e - 80 poisoned needles
Armour
 c - a +0 robe
 d - a +0 cloak (worn)
 m - a +0 ring mail (worn)
Jewellery
 i - an amulet of the gourmand (around neck)
Wands
 f - a wand of flame (15)
 g - a wand of enslavement (15)
Potions
 l - a potion of flight
 o - a potion of degeneration {unknown}
 p - a potion of brilliance {unknown}
Comestibles
 h - 2 rations {!d}


   Skills:
 + Level 1.8 Fighting
 + Level 2.0 Short Blades
 + Level 0.2 Armour
 + Level 0.2 Dodging
 + Level 7.0 Stealth
 + Level 1.9 Evocations


You had 2 spell levels left.
You didn't know any spells.
Your spell library was empty.

Dungeon Overview and Level Annotations

Branches:
Dungeon (2/12)

Altars:

Annotations:
D:2 Sigmund, Terence


Innate Abilities, Weirdness & Mutations

You have extremely sharp teeth.
Your natural rate of healing is unusually fast.
Potions cannot restore your health.
You are immune to rotting.
Your bites deal extra damage.


Message History

No target in view!
Things that are here:
a goblin corpse; a quokka corpse
Found 13 gold pieces.
Found 2 sapphire potions.
You now have 47 gold pieces (gained 13).
Sigmund the Dreaded comes into view.
He is wielding a +4 antimagic scythe and wearing a +2 robe of positive energy.
Found an escape hatch in the ceiling.
Terence shouts!
Terence hits you with a +6 trident of venom!
You hit Terence but do no damage.
Terence hits you with a +6 trident of venom.
You are poisoned.
You are too injured to fight recklessly!
You are too injured to fight recklessly!
You are too injured to fight recklessly!
You feel sick.
Terence hits you from afar with a +6 trident of venom!
Ouch! That really hurt!
You die...

#.....#######.###
#........†....#
#.....######..#
#.....# ##..######
.......# #........#
#############........#
................#
#######.........#
#..@......#
#.........#
#...@....^#
#...........
############


You could see Terence.

Vanquished Creatures
  2 dart slugs
  2 leopard geckos (D:2)
  A giant cockroach (D:1)
  4 hobgoblins
  6 jackals
  2 kobolds
  2 quokkas (D:2)
  A ball python (D:1)
  5 goblins (D:2)
  3 rats
28 creatures vanquished.

Notes
Turn   | Place    | Note
-------+----------+-------------------------------------------
     0 | D:1      | Kairok the Vine Stalker Rogue began the quest for the Orb.
     0 | D:1      | Reached XP level 1. HP: 12/12 MP: 3/3
    68 | D:1      | Reached skill level 6 in Stealth
   153 | D:1      | Reached XP level 2. HP: 13/17 MP: 4/4
   883 | D:2      | Reached XP level 3. HP: 12/21 MP: 5/5
   894 | D:2      | Reached skill level 7 in Stealth
   937 | D:2      | Noticed Terence
   971 | D:2      | Noticed Sigmund
   986 | D:2      | Slain by Terence

Skill      XL: |  1  2  3 |
---------------+----------+-----
Stealth        | 6 7 |  7.0
Short Blades   | 2 |  2.0
Fighting       | |  1.8
Armour         | |  0.2
Dodging        | |  0.2
Evocations     | |  1.9

Action                   || total
-------------------------++-------
Melee: Dagger            ||    98
       Bite              ||     5
  Use: Scroll            ||     4
 Stab: Sleeping          ||     4
Armor: Robe              ||     3
       Ring mail         ||    40
Dodge: Dodged            ||    48
